 Dungeon Crawl Stone Soup version 0.20.1-1-g8b1a95d (webtiles) character file.

1477 TommyPoo the Basher (level 8, -2/64 HPs)
             Began as a Minotaur Berserker on Dec 26, 2017.
             Was an Elder of Trog.
             Slain by a scorpion (4 damage)
             ... on level 6 of the Dungeon.
             The game lasted 00:09:45 (5551 turns).

TommyPoo the Basher (Minotaur Berserker)            Turns: 5551, Time: 00:09:46

Health: -2/64      AC:  2    Str: 25    XL:     8   Next: 49%
Magic:  7/7        EV: 12    Int:  4    God:    Trog [****..]
Gold:   248        SH:  0    Dex:  9    Spells: 7/7 levels left

rFire    . . .     SeeInvis .   t - -3 mace
rCold    . . .     Gourm    .   (no shield)
rNeg     . . .     Faith    +   b - +0 animal skin
rPois    .         Spirit   .   (helmet restricted)
rElec    .         Reflect  .   (no cloak)
rCorr    .         Harm     .   (no gloves)
MR       .....                  (no boots)
Stlth    +.........             d - amulet of faith
Regen    0.2/turn               (no ring)
MPRegen  0.1/turn               (no ring)

@: berserk cooldown, slowed, very slow
A: retaliatory headbutt, horns 2
a: Berserk, Trog's Hand, Brothers in Arms, Burn Spellbooks, Renounce Religion


You were on level 6 of the Dungeon.
You worshipped Trog.
Trog was greatly pleased with you.
You were not hungry.

You visited 1 branch of the dungeon, and saw 6 of its levels.

You collected 248 gold pieces.

Inventory:

Hand Weapons
 a - a +0 mace
 t - a -3 mace (weapon)
Armour
 b - a +0 animal skin (worn)
Jewellery
 d - an amulet of faith (around neck)
 n - an uncursed ring of resist corrosion {unknown}
 p - an uncursed ring of poison resistance {unknown}
 q - an uncursed amulet of magic regeneration {unknown}
 B - an uncursed ring of protection from fire {unknown}
Wands
 o - a wand of random effects (19/48)
 s - a wand of digging (18/24)
Scrolls
 e - 4 scrolls of identify
 i - a scroll of teleportation
 l - a scroll of amnesia {unknown}
 r - a scroll of random uselessness {unknown}
 v - a scroll of blinking {unknown}
 w - a scroll of enchant armour {unknown}
 y - a scroll of fear
 C - a scroll of remove curse
Potions
 f - a potion of haste {unknown}
 h - 4 potions of heal wounds {unknown}
 j - 3 potions of brilliance {unknown}
 k - a potion of experience {unknown}
 m - 2 potions of ambrosia {unknown}
 u - a potion of lignification {unknown}
 x - a potion of cancellation {unknown}
 A - a potion of invisibility {unknown}
Comestibles
 c - 4 bread rations
 g - 2 fruits
 z - 3 meat rations


   Skills:
 - Level 3.6 Fighting
 + Level 12.7 Maces & Flails
 - Level 2.4 Armour
 - Level 2.1 Dodging


You had 7 spell levels left.
You didn't know any spells.

Dungeon Overview and Level Annotations

Branches:
Dungeon (6/15)
 Temple: D:4-7

Altars:
Ashenzari
Fedhas
Kikubaaqudgha
Nemelex Xobeh
Okawaru
Qazlal
Uskayaw
The Shining One


Innate Abilities, Weirdness & Mutations

You reflexively headbutt those who attack you in melee.
You have a pair of horns on your head.


Message History

You kill the adder!
Trog accepts your kill. The centaur hits you! The scorpion misses you.
You furiously retaliate!
You headbutt the scorpion! The centaur hits you!
* * * LOW HITPOINT WARNING * * *
The scorpion misses you.
You see here an adder corpse.
You feel a strong urge to attack something.
The centaur wields an uncursed shortbow.
The centaur shoots an arrow.
The arrow hits you!
* * * LOW HITPOINT WARNING * * *
You see here 2 arrows.
The centaur shoots an arrow.
The arrow hits you!
* * * LOW HITPOINT WARNING * * *
You see here 2 arrows.
You feel your anger subside.
You are no longer berserk.
You are exhausted.
You feel yourself slow down. The scorpion stings you.
You die...

## ##.###.########.
.###.####.#........
..#..# #........... #
##.#.# ##.#.###### #.#
##.#.# ###.# .#.##.
...#[# #.# ...... ##.#.#
##.## ###...###
##.#.#####...####.......#
...#.........(.(@s..(....
##########...####c......#
# ......## ###...### #
.###### ...# # ..# # ###
#


You could see a centaur and a scorpion.

Vanquished Creatures
  Grinder (D:3)
  Sigmund (D:5)
  2 ogres
  A centaur (D:4)
  The ghost of Phong the Conjurer, an amateur OpWz (D:3)
  A bullfrog (D:6)
  3 vampire bats (D:3)
  2 crimson imps (D:5)
  A centaur zombie (D:6)
  2 bullfrog skeletons
  A jelly (D:5)
  An orc wizard (D:3)
  A centaur skeleton (D:4)
  Ijyb (D:3)
  Terence (D:2)
  2 worker ants
  A hound skeleton (D:5)
  A mummy (D:4)
  A howler monkey zombie (D:5)
  5 gnolls
  4 adders
  3 shadow imps
  2 worms
  A dart slug (D:2)
  A leopard gecko (D:1)
  18 orcs
  5 bats
  3 bat skeletons (D:3)
  3 bat zombies (D:3)
  A giant cockroach (D:3)
  11 goblins
  15 hobgoblins
  14 jackals
  2 quokkas
  8 frilled lizards
  13 kobolds
  8 rats
142 creatures vanquished.

Notes
Turn   | Place    | Note
-------+----------+-------------------------------------------
     0 | D:1      | TommyPoo the Minotaur Berserker began the quest for the Orb.
     0 | D:1      | Reached XP level 1. HP: 19/19 MP: 0/0
    38 | D:1      | Reached skill level 4 in Maces & Flails
    43 | D:1      | Reached XP level 2. HP: 17/26 MP: 1/1
   800 | D:2      | Noticed Terence
   809 | D:2      | Killed Terence
   809 | D:2      | Reached skill level 5 in Maces & Flails
   809 | D:2      | Reached XP level 3. HP: 19/31 MP: 2/2
  1036 | D:2      | Reached ** piety under Trog
  1220 | D:2      | Reached XP level 4. HP: 36/39 MP: 3/3
  1375 | D:2      | Reached skill level 6 in Maces & Flails
  1395 | D:2      | Found a sparkling altar of Nemelex Xobeh.
  1398 | D:2      | Found a shattered altar of Ashenzari.
  1401 | D:2      | Found a blossoming altar of Fedhas.
  1524 | D:3      | Noticed Ijyb
  1530 | D:3      | Noticed Phong's ghost (amateur OpWz)
  1539 | D:3      | Killed Ijyb
  1542 | D:3      | Killed Phong's ghost
  1542 | D:3      | Reached skill level 7 in Maces & Flails
  1542 | D:3      | Reached XP level 5. HP: 45/45 MP: 4/4
  1862 | D:3      | Found an ancient bone altar of Kikubaaqudgha.
  1863 | D:3      | Reached skill level 8 in Maces & Flails
  1863 | D:3      | Reached XP level 6. HP: 45/51 MP: 5/5
  1957 | D:3      | Noticed Grinder
  1957 | D:3      | Reached *** piety under Trog
  1975 | D:3      | Killed Grinder
  1975 | D:3      | Reached skill level 9 in Maces & Flails
  1975 | D:3      | Reached XP level 7. HP: 30/57 MP: 6/6
  2129 | D:3      | Found an iron altar of Okawaru.
  2322 | D:3      | Found a glowing golden altar of the Shining One.
  2549 | D:4      | Reached skill level 10 in Maces & Flails
  2552 | D:4      | HP: 1/57 [gnoll/halberd (16)]
  2840 | D:4      | Found a stormy altar of Qazlal.
  3482 | D:4      | Reached skill level 11 in Maces & Flails
  3516 | D:5      | Entered Level 5 of the Dungeon
  3632 | D:5      | Reached **** piety under Trog
  3839 | D:5      | Reached XP level 8. HP: 61/64 MP: 7/7
  4013 | D:5      | Noticed Sigmund
  4027 | D:5      | Killed Sigmund
  4047 | D:5      | Reached skill level 12 in Maces & Flails
  4269 | D:5      | Noticed a dagger
  4270 | D:5      | Noticed a hand axe
  4271 | D:5      | Found a hide-covered altar of Uskayaw.
  5550 | D:6      | HP: 3/96 [centaur/arrow (10)]
  5551 | D:6      | Slain by a scorpion

Skill      XL: |  1  2  3  4  5  6  7  8 |
---------------+-------------------------+-----
Maces & Flails | 4 5 7 8 9 11 12 | 12.7
Fighting       | |  3.6
Armour         | |  2.4
Dodging        | |  2.1

Action                   |  1- 3 |  4- 6 |  7- 9 || total
-------------------------+-------+-------+-------++-------
Melee: Mace              |    62 |    82 |   237 ||   381
       Headbutt          |     5 |    12 |    41 ||    58
Invok: Berserk           |       |     2 |     4 ||     6
  Use: Scroll            |       |       |     5 ||     5
 Stab: Sleeping          |     1 |       |     1 ||     2
  Eat: Chunk             |       |     1 |     6 ||     7
       Bread ration      |       |     1 |     2 ||     3
Armor: Animal skin       |     8 |     7 |    15 ||    30
Dodge: Dodged            |    57 |    58 |    99 ||   214
